3256 views
Uploaded 2020-04-09 17:25:55
Game version 1.32.3
17:20 long 1on1 custom game on (2)ConcealedHill
Game name "never"
Saved by Dziango
3256 views
Uploaded 2020-04-09 17:25:55
Game version 1.32.3
17:20 long 1on1 custom game on (2)ConcealedHill
Game name "never"
22 units @ 3.5k
/ 0.5k
11 buildings @ 1.8k
/ 0.6k



| Rod of Necromancy | 4 | 600 |
| Orb of Corruption | 1 | 375 |
| Potion of Lesser Invulnerability | 1 | 150 |
| total: | 6 | 1125g |
| Acolyte | 6 | 450 | / | 0 |
| Ghoul | 3 | 360 | / | 0 |
| Crypt Fiend | 8 | 1720 | / | 320 |
| Obsidian Statue | 5 | 1000 | / | 175 |
| total: | 22 | 3530g | / | 495w |
| Nerubian Tower | 1 | 100 | / | 20 |
| Spirit Tower | 1 | 145 | / | 40 |
| Crypt | 1 | 200 | / | 50 |
| Altar of Darkness | 1 | 180 | / | 50 |
| Ziggurat | 6 | 900 | / | 300 |
| Tomb of Relics | 1 | 130 | / | 30 |
| Graveyard | 1 | 215 | / | 0 |
| Slaughterhouse | 1 | 140 | / | 135 |
| Halls of the Dead | 2 | 640 | / | 420 |
| Black Citadel | 1 | 325 | / | 230 |
| total: | 11 | 1765g | / | 565w |
| 0:04 | Acolyte |
| 0:07 | Crypt |
| 0:09 | Altar of Darkness |
| 0:11 | Acolyte |
| 0:33 | Ziggurat |
| 0:41 | Acolyte |
| 0:58 | Tomb of Relics |
| 1:10 | Ghoul |
| 1:30 | Graveyard |
| 1:40 | Ghoul |
| 2:14 | Ziggurat |
| 2:22 | Death Coil |
| 2:31 | Nerubian Tower |
| 2:50 | Halls of the Dead |
| 3:05 | Rod of Necromancy |
| 3:27 | Acolyte |
| 3:28 | Crypt Fiend |
| 3:33 | Acolyte |
| 3:50 | Ghoul |
| 4:06 | Acolyte |
| 4:10 | Unholy Aura |
| 4:40 | Halls of the Dead |
| 4:59 | Crypt Fiend |
| 5:09 | Rod of Necromancy |
| 5:31 | Crypt Fiend |
| 5:34 | Death Coil |
| 5:48 | Spirit Tower |
| 5:55 | Ziggurat |
| 6:52 | Crypt Fiend |
| 7:10 | Rod of Necromancy |
| 7:42 | Black Citadel |
| 7:58 | Frost Nova |
| 8:19 | Slaughterhouse |
| 8:20 | Ziggurat |
| 8:52 | Creature Attack |
| 9:02 | Web |
| 9:19 | Unholy Aura |
| 9:28 | Obsidian Statue |
| 9:32 | Obsidian Statue |
| 9:55 | Dark Ritual |
| 10:20 | Silence |
| 10:31 | Orb of Corruption |
| 10:42 | Destroyer Form |
| 11:11 | Obsidian Statue |
| 12:06 | Crypt Fiend |
| 12:23 | Crypt Fiend |
| 12:26 | Ziggurat |
| 12:41 | Rod of Necromancy |
| 12:47 | Improved Creature Attack |
| 13:34 | Crypt Fiend |
| 13:55 | Ziggurat |
| 13:56 | Crypt Fiend |
| 13:57 | Obsidian Statue |
| 14:33 | Black Arrow |
| 14:35 | Frost Nova |
| 14:54 | Obsidian Statue |
| 15:30 | Potion of Lesser Invulnerability |
23 units @ 3.8k
/ 0.6k
11 buildings @ 1.8k
/ 0.6k



| Rod of Necromancy | 4 | 600 |
| Orb of Corruption | 1 | 375 |
| Scroll of Healing | 2 | 500 |
| Potion of Lesser Invulnerability | 2 | 300 |
| total: | 9 | 1775g |
| Acolyte | 4 | 300 | / | 0 |
| Ghoul | 6 | 720 | / | 0 |
| Crypt Fiend | 9 | 1935 | / | 360 |
| Obsidian Statue | 2 | 400 | / | 70 |
| Abomination | 2 | 480 | / | 140 |
| total: | 23 | 3835g | / | 570w |
| Altar of Darkness | 1 | 180 | / | 50 |
| Crypt | 1 | 200 | / | 50 |
| Ziggurat | 6 | 900 | / | 300 |
| Tomb of Relics | 1 | 130 | / | 30 |
| Graveyard | 1 | 215 | / | 0 |
| Slaughterhouse | 1 | 140 | / | 135 |
| Halls of the Dead | 1 | 320 | / | 210 |
| Black Citadel | 1 | 325 | / | 230 |
| total: | 11 | 1765g | / | 565w |
| 0:01 | Acolyte |
| 0:05 | Altar of Darkness |
| 0:07 | Crypt |
| 0:22 | Ziggurat |
| 0:31 | Acolyte |
| 0:45 | Acolyte |
| 1:03 | Tomb of Relics |
| 1:11 | Ghoul |
| 1:27 | Ghoul |
| 1:35 | Ziggurat |
| 1:47 | Ghoul |
| 2:17 | Rod of Necromancy |
| 2:27 | Ghoul |
| 2:44 | Graveyard |
| 2:49 | Frost Nova |
| 2:50 | Ghoul |
| 3:05 | Ghoul |
| 3:42 | Halls of the Dead |
| 4:17 | Crypt Fiend |
| 4:26 | Ziggurat |
| 4:56 | Rod of Necromancy |
| 5:03 | Crypt Fiend |
| 6:13 | Dark Ritual |
| 6:27 | Black Citadel |
| 6:31 | Slaughterhouse |
| 6:50 | Crypt Fiend |
| 7:05 | Death Coil |
| 7:42 | Obsidian Statue |
| 7:43 | Obsidian Statue |
| 7:58 | Crypt Fiend |
| 8:01 | Ziggurat |
| 8:17 | Burrow |
| 8:43 | Unholy Aura |
| 8:46 | Rod of Necromancy |
| 8:46 | Rod of Necromancy |
| 8:49 | Orb of Corruption |
| 9:01 | Frost Nova |
| 9:08 | Crypt Fiend |
| 9:37 | Ziggurat |
| 9:49 | Potion of Lesser Invulnerability |
| 9:49 | Scroll of Healing |
| 10:08 | Creature Attack |
| 10:58 | Crypt Fiend |
| 11:21 | Silence |
| 12:16 | Crypt Fiend |
| 12:30 | Abomination |
| 12:43 | Death Coil |
| 12:55 | Ziggurat |
| 12:56 | Acolyte |
| 13:07 | Potion of Lesser Invulnerability |
| 13:35 | Creature Carapace |
| 14:06 | Crypt Fiend |
| 14:14 | Scroll of Healing |
| 14:44 | Black Arrow |
| 14:52 | Abomination |
| 15:21 | Improved Creature Attack |
| 15:31 | Web |
| 16:41 | Dark Ritual |
| 17:04 | Crypt Fiend |